[Event "Early-Titled-Tuesday-Blitz-July-09-2024"]
[Site "Chess.com"]
[Date "2024.07.09"]
[Round "1"]
[White "praveenb2002"]
[Black "RedFirePanda"]
[Result "1-0"]
[WhiteElo "2856"]
[BlackElo "2465"]
[TimeControl "180+1"]
[EndTime "8:07:10 PDT"]
[Termination "praveenb2002 won by resignation"]

1. c4 Nf6 2. Nc3 e6 3. e4 d5 4. e5 d4 5. exf6 dxc3 6. bxc3 Qxf6 7. d4 Nd7 8. Nf3 h6 9. Bd3 b6 10. Be4 Rb8 11. O-O Bd6 12. Qa4 a5 13. Bc6 Qe7 14. c5 bxc5 15. dxc5 Bxc5 16. Ne5 Bd6 17. Bf4 Bxe5 18.
Bxe5 O-O 19. Bxc7 Rb2 20. Bxa5 Ne5 21. Bb4 Rxb4 22. cxb4 Nxc6 23. Qxc6 Qxb4 24. Rab1 Qa3 25. Rb8 Ba6 26. Rxf8+ Kxf8 27. Qa8+ Ke7 28. Rd1 Kf6 29.
Qf3+ Qxf3 30. gxf3 Be2 31. Rd4 e5 32. Rb4 Bxf3 33. a4 Ke6 34. a5 Kd7 35. a6 Kc7 36. Rb3 Bd5 37. Rb5 Bc6 38. a7 Bb7 39. Rxe5 Kb6 40.
Re7 Kxa7 41. Rxf7 g6 42. Rg7 g5 43. Rg6 Kb8 44. Rxh6 g4 45. h3 1-0

[Event "Early-Titled-Tuesday-Blitz-July-09-2024"]
[Site "Chess.com"]
[Date "2024.07.09"]
[Round "1"]
[White "ChEsper99"]
[Black "yaguigor"]
[Result "0-1"]
[WhiteElo "2252"]
[BlackElo "2600"]
[TimeControl "180+1"]
[EndTime "8:07:10 PDT"]
[Termination "yaguigor won by resignation"]

1. e4 e5 2. Nf3 Nc6 3. Bc4 Bc5 4.
d3 Nf6 5. Nc3 h6 6. h3 d6 7. Be3 O-O 8. d4 exd4 9. Nxd4 Bb4 10.
Nxc6 bxc6 11. Bd3 Re8 12. Qf3 Qe7 13. O-O Bxc3 14. bxc3 Nxe4 15. Rfe1 d5 16. Bxe4 dxe4 17. Qg3 Kh7 18. Bf4 Bf5 19. Bxc7 Qf6 20. Rad1 Re6 21. Qf4 Rc8 22. g4 Bg6 23. Qxf6 Rxf6 24. Be5 Re6 25.
Bd4 c5 26. Be3 Ra6 27. Rd5 Rxa2 28. Rxc5 Rxc5 29. Bxc5 a5 30. Bb6 a4 31. Rb1 Rxc2 32.
Ra1 Rxc3 33. Kg2 Rc4 34. Ba5 f6 35. Bd2 Be8 36. Ra3 Bc6 37. Be3 Kg6 38. Kg3 h5 39. h4 hxg4 40. Kxg4 Rb4 41. Kg3 Kf5 42. Kg2 Kg4 0-1

[Event "Early-Titled-Tuesday-Blitz-July-09-2024"]
[Site "Chess.com"]
[Date "2024.07.09"]
[Round "1"]
[White "ketster"]
[Black "osielchesslover2011"]
[Result "1-0"]
[WhiteElo "2576"]
[BlackElo "2183"]
[TimeControl "180+1"]
[EndTime "8:07:11 PDT"]
[Termination "ketster won on time"]

1. Nf3 Nf6 2. e3 g6 3. b3 Bg7 4. Bb2 O-O 5. Be2 d6 6. c4 e5 7. O-O Nbd7 8. d3 c6 9. Nbd2 Re8 10. e4 d5 11. cxd5 cxd5 12. exd5 Nxd5 13. Ne4 N7b6 14. a4 Nf4 15. Nc5 Bg4 16. h3 Bf5 17. Qd2 Qd5 18. b4 Qc6 19. Rfc1 Nbd5 20. Bf1 Qb6 21. Rc4 a5 22. bxa5 Rxa5 23. Ne4 Bxe4 24. dxe4 Nc7 25.
Rb4 Qa7 26. Rc1 Nce6 27. Bb5 Rd8 28. Qc2 Nd4 29. Nxd4 exd4 30. Qd2 Ne6 31. Rbc4 d3 32. Rc8 1-0

[Event "Early-Titled-Tuesday-Blitz-July-09-2024"]
[Site "Chess.com"]
[Date "2024.07.09"]
[Round "1"]
[White "Alex_Banzea"]
[Black "DACF2905"]
[Result "1-0"]
[WhiteElo "2704"]
[BlackElo "2389"]
[TimeControl "180+1"]
[EndTime "8:07:12 PDT"]
[Termination "Alex_Banzea won on time"]

1. d4 Nf6 2. Nc3 d5 3. Bf4 c6 4.
e3 Bf5 5. f3 e6 6. g4 Bg6 7. h4 h6 8. Bd3 Bxd3 9. Qxd3 Bd6 10. Nge2 Bxf4 11. Nxf4 Qc7 12. O-O-O Nbd7 13. g5 Ng8 14. g6 Ndf6 15. gxf7+ Qxf7 16. Ng6 Rh7 17. Rhg1 O-O-O 18. Ne5 Qc7 19. Rg2 Ne7 20. Rdg1 Nf5 21. Rh2 h5 22. Ne2 c5 23. Nf4 Re8 24. Nxe6 Qd6 25. Nxc5 Rxe5 26. dxe5 Qxe5 27. Re2 Nxh4 28.
Qb5 g5 29. Nd3 Qd6 30. Rxg5 Nxf3 31. Rf5 Nh4 32. Rf1 a6 33. Qc5+ Qxc5 34. Nxc5 Ng4 35. e4 d4 36. e5 1-0

[Event "Early-Titled-Tuesday-Blitz-July-09-2024"]
[Site "Chess.com"]
[Date "2024.07.09"]
[Round "1"]
[White "Akewjon"]
[Black "PapaieDudu"]
[Result "1-0"]
[WhiteElo "2742"]
[BlackElo "2416"]
[TimeControl "180+1"]
[EndTime "8:07:13 PDT"]
[Termination "Akewjon won by resignation"]

1. e4 c5 2. Nf3 d6 3. Bb5+ Nd7 4. O-O Nf6 5. Re1 e6 6. c4 Be7 7. Nc3 O-O 8. d4 cxd4 9. Nxd4 a6 10. Ba4 Qc7 11.
Qe2 Nb6 12. Bb3 Bd7 13. Be3 Rac8 14. Rac1 Rfe8 15. Nb1 Nxe4 16. Nxe6 fxe6 17. Bxb6 Qxb6 18. Qxe4 Bg5 19. Rcd1 Rf8 20. Re2 Rc5 21. Qg4 h5 22. Qg3 Bf6 23. Qxd6 Qxd6 24. Rxd6 Bc8 25. Nd2 Bxb2 26.
Ne4 Re5 27. c5 Ref5 28. Rxb2 Re8 29. f3 Kf8 30. Rbd2 e5 31. Rd8 Rxd8 32. Rxd8+ Ke7 33. Rxc8 Rf4 1-0

[Event "Early-Titled-Tuesday-Blitz-July-09-2024"]
[Site "Chess.com"]
[Date "2024.07.09"]
[Round "1"]
[White "campochess"]
[Black "Kazmin_Semyon"]
[Result "0-1"]
[WhiteElo "2247"]
[BlackElo "2594"]
[TimeControl "180+1"]
[EndTime "8:07:14 PDT"]
[Termination "Kazmin_Semyon won by resignation"]

1. e4 e5 2. Bc4 Nf6 3. d3 c6 4.
Nc3 d5 5. exd5 cxd5 6. Bb5+ Nc6 7. Nf3 Bg4 8. Qe2 Bb4 9. Qxe5+ Be7 10. Bf4 O-O 11.
Bxc6 bxc6 12. O-O Bxf3 13. gxf3 Qd7 14. Rfe1 Bb4 15. Re2 Qh3 16. Bg3 Rae8 17. Qg5 h6 18. Qh4 Qxh4 19. Bxh4 Bxc3 20. Rxe8 Rxe8 21. bxc3 g5 22. Bg3 Re2 23. Rc1 h5 24. Kf1 Re7 25.
Bd6 Rb7 26. Be5 Nd7 27. Bd6 Rb2 28. a3 Kg7 29. Ke2 Ra2 30. Kd2 c5 31. Rb1 Kf6 32. Rb7 Ke6 33. Bc7 Rxa3 34. Bd8 Ne5 35. Re7+ Kd6 36. Re8 Nxf3+ 37. Kc1 Ra1+ 38. Kb2 Rh1 39. Rh8 Rxh2 40. Rh6+ Kd7 41. Ba5 h4 42. Rf6 Rxf2 43. Rxf7+ Ke6 44. Rg7 h3 45. Rh7 g4 46. Bc7 Rg2 47.
Kb3 h2 48. Bxh2 Nxh2 49. Rxa7 g3 50. Rg7 Kf5 51. Ka4 Ng4 52. Rf7+ Kg6 53. Rf1 Rxc2 54. c4 dxc4 55. dxc4 Rxc4+ 0-1

[Event "Early-Titled-Tuesday-Blitz-July-09-2024"]
[Site "Chess.com"]
[Date "2024.07.09"]
[Round "1"]
[White "AradNazari"]
[Black "SharathRk6"]
[Result "1-0"]
[WhiteElo "2803"]
[BlackElo "2447"]
[TimeControl "180+1"]
[EndTime "8:07:16 PDT"]
[Termination "AradNazari won by resignation"]

1. e4 e5 2. f4 d5 3. exd5 exf4 4.
Nf3 Qxd5 5. Nc3 Qe6+ 6. Kf2 Be7 7.
Bb5+ c6 8. Re1 Qd6 9. Ba4 Nf6 10. Ne4 Nxe4+ 11. Rxe4 Be6 12. d4 O-O 13. Bxf4 Qd8 14. Bb3 Bxb3 15. axb3 Bf6 16. c3 Nd7 17. Qe2 Nb6 18. c4 Qd7 19. Be5 Bxe5 20. Rxe5 Rfe8 21. Re1 Rxe5 22. Qxe5 Rd8 23. Qe7 h6 24. Qxd7 Rxd7 25. Re8+ Kh7 26. Rb8 a5 27. Ke2 Re7+ 28. Kd2 Rd7 29.
Kc3 f5 30. b4 axb4+ 31. Kxb4 Re7 32. b3 g5 33. Ka5 Nd7 34. Rxb7 Rf7 35. b4 Kg6 36. Rxd7 Rxd7 37. Ne5+ Kf6 38. Nxd7+ Ke6 39. Ne5 f4 40. b5 cxb5 41. cxb5 Kd5 42. b6 1-0

[Event "Early-Titled-Tuesday-Blitz-July-09-2024"]
[Site "Chess.com"]
[Date "2024.07.09"]
[Round "1"]
[White "Kopytkin"]
[Black "Adar_07"]
[Result "0-1"]
[WhiteElo "2424"]
[BlackElo "2773"]
[TimeControl "180+1"]
[EndTime "8:07:16 PDT"]
[Termination "Adar_07 won on time"]

1. d4 Nf6 2. Bg5 c5 3. d5 e6 4. Nc3 Qb6 5. Bxf6 gxf6 6. Rb1 f5 7. f3 Bg7 8. e4 fxe4 9. fxe4 Qb4 10. Ne2 exd5 11. a3 Qa5 12. b4 cxb4 13. axb4 Qd8 14.
Nxd5 O-O 15. Ng3 d6 16. Bd3 a5 17. b5 a4 18. O-O a3 19. c3 Nd7 20. Nh5 Ne5 21.
Nhf6+ Kh8 22. Qh5 h6 23. Bc2 Be6 24. Rf4 Bxd5 25. exd5 Ng6 26. Rbf1 Nxf4 27. Rxf4 Qb6+ 28. Rf2 a2 29. g3 a1=Q+ 30. Kg2 Ra2 31. Qf5 Qxf2+ 32.
Kxf2 Rxc2+ 33. Qxc2 Bxf6 34. Qf5 Qxc3 0-1

[Event "Early-Titled-Tuesday-Blitz-July-09-2024"]
[Site "Chess.com"]
[Date "2024.07.09"]
[Round "1"]
[White "orackbbama"]
[Black "CM_rui"]
[Result "1-0"]
[WhiteElo "2288"]
[BlackElo "2592"]
[TimeControl "180+1"]
[EndTime "8:07:16 PDT"]
[Termination "orackbbama won by checkmate"]

1. d4 Nf6 2. c4 e6 3. Nc3 Bb4 4. f3 O-O 5. a3 Bxc3+ 6. bxc3 d5 7. cxd5 exd5 8. e3 c5 9. Bd3 Nc6 10. Ne2 Re8 11. O-O h5 12. Ng3 h4 13. Nh1 h3 14.
g4 Qa5 15. Bd2 Qc7 16. Nf2 a5 17. Nxh3 c4 18. Bc2 b5 19. Nf2 Rb8 20. g5 Nh7 21. e4 Be6 22. e5 b4 23. axb4 axb4 24. f4 g6 25. Ng4 Kg7 26. f5 Bc8 27. Nf6 Rh8 28.
e6 fxe6 29. fxg6 Nxg5 30. Bf4 Nh3+ 31. Kh1 Nxf4 32. Qf3 Nd3 33. Ne8+ Rxe8 34. Qf7+ Qxf7 35. Rxf7+ Kxg6 36. Rf3 b3 37. Rg1+ Kh5 38. Rh3# 1-0

[Event "Early-Titled-Tuesday-Blitz-July-09-2024"]
[Site "Chess.com"]
[Date "2024.07.09"]
[Round "1"]
[White "Cherepov_Alexej"]
[Black "Chessgod9oninsta"]
[Result "0-1"]
[WhiteElo "2446"]
[BlackElo "2803"]
[TimeControl "180+1"]
[EndTime "8:07:17 PDT"]
[Termination "Chessgod9oninsta won on time"]

1. d4 d5 2. c4 e6 3. Nf3 Nf6 4. g3 Bb4+ 5. Bd2 Be7 6. Bg2 c6 7. O-O Nbd7 8. Qc2 Ne4 9. Be1 a5 10.
Nfd2 f5 11. Nxe4 dxe4 12. f3 Nf6 13. Bc3 exf3 14. exf3 Qb6 15. c5 Qd8 16. f4 O-O 17. Nd2 Nd5 18. Rae1 Bf6 19. Nc4 Bd7 20. Qd2 a4 21.
Nd6 b5 22. cxb6 Qxb6 23. Nc4 Qc7 24. Kh1 Rab8 25. Re2 Rfd8 26. Ba5 Qa7 27. Bxd8 Rxd8 28. Ne5 Be8 29. Rc1 Ne7 30. Qc3 Rxd4 31. Rd2 c5 32. Rxd4 cxd4 33. Qc4 Qb6 34. b4 axb3 35. axb3 g5 36. Nf3 gxf4 37. gxf4 Nd5 38. Re1 Nxf4 39. b4 Bc6 0-1

[Event "Early-Titled-Tuesday-Blitz-July-09-2024"]
[Site "Chess.com"]
[Date "2024.07.09"]
[Round "1"]
[White "Andrey_Klymchuk"]
[Black "orkinyo12345"]
[Result "1-0"]
[WhiteElo "2755"]
[BlackElo "2420"]
[TimeControl "180+1"]
[EndTime "8:07:17 PDT"]
[Termination "Andrey_Klymchuk won by resignation"]

1. e4 e5 2. Nf3 Nc6 3. Bb5 a6 4. Ba4 Nf6 5. Nc3 Be7 6. O-O b5 7.
Bb3 d6 8. h3 Na5 9. Re1 O-O 10. d3 Re8 11. Be3 Bb7 12. Ng5 Nxb3 13. axb3 d5 14. exd5 Nxd5 15. Qh5 Bxg5 16. Bxg5 f6 17.
Be3 Nb4 18. Re2 Qd7 19. Rae1 Qc6 20. f3 a5 21. Qg4 Bc8 22. Qe4 Bb7 23. Qxc6 Bxc6 24.
Ra1 a4 25. bxa4 bxa4 26. Bc5 Reb8 27. Kf2 Bd7 28. Ke1 Kf7 29. Kd2 Bc6 30. h4 Bd7 31. h5 Ra5 32. Bf2 Nc6 33. Kc1 Nd4 34. Re4 Bc6 35. Re1 Rba8 36. Ra3 Nb5 37. Nxb5 Bxb5 38. Be3 Be8 39. Bd2 Rb5 40. Bc3 Rb7 41. d4 exd4 42. Bxd4 Rd8 43. Rae3 Rxd4 44. Re7+ 1-0

[Event "Early-Titled-Tuesday-Blitz-July-09-2024"]
[Site "Chess.com"]
[Date "2024.07.09"]
[Round "1"]
[White "dretch"]
[Black "jlf287"]
[Result "1-0"]
[WhiteElo "2878"]
[BlackElo "2478"]
[TimeControl "180+1"]
[EndTime "8:07:18 PDT"]
[Termination "dretch won by resignation"]

1. d4 d5 2. c4 c6 3. Nc3 Nf6 4. e3 e6 5. Bd3 dxc4 6. Bxc4 Nbd7 7. Nf3 b5 8. Bd3 Bd6 9. O-O Bb7 10. e4 e5 11. Re1 b4 12. Ne2 c5 13. d5 O-O 14.
b3 Re8 15. Ng3 Bc8 16. Nf5 Bf8 17. Bb2 g6 18. Ne3 Nh5 19. Nc4 f6 20. Rc1 Nb6 21. Ne3 Bd6 22. Bb5 Bd7 23. Bxd7 Qxd7 24. a4 a5 25. Nc4 Nxc4 26. Rxc4 Nf4 27. Bc1 Qg4 28. Bxf4 Qxf4 29. Qd3 Kh8 30. Nd2 h5 31. Rc2 Qh6 32. Qb5 Reb8 33. Qc6 Qf8 34. Nc4 Rd8 35. Nxd6 Qxd6 36. Qxd6 Rxd6 37. Rxc5 f5 38. exf5 gxf5 39. Rxe5 Kg7 40. f4 Kf6 41. Kf2 h4 42. Rc6 Rd8 43. Ke3 Rxc6 44. dxc6 Rc8 45. Rc5 Ke6 46. c7 Kd6 47.
Kd4 Kd7 48. Kd5 Ke7 49. Kc6 1-0

[Event "Early-Titled-Tuesday-Blitz-July-09-2024"]
[Site "Chess.com"]
[Date "2024.07.09"]
[Round "1"]
[White "Rakhmanov_Aleksandr"]
[Black "Dr_Pepper18"]
[Result "1-0"]
[WhiteElo "2840"]
[BlackElo "2456"]
[TimeControl "180+1"]
[EndTime "8:07:19 PDT"]
[Termination "Rakhmanov_Aleksandr won on time"]

1. c4 Nf6 2. Nc3 g6 3. g3 Bg7 4. Bg2 O-O 5. d3 d6 6. h3 c5 7. e3 Nc6 8. Nge2 e5 9. O-O Be6 10. Nd5 Qd7 11. Kh2 Rab8 12. b3 e4 13. Nxf6+ Bxf6 14. Rb1 exd3 15. Nf4 b5 16. cxb5 Rxb5 17. Nxe6 fxe6 18.
Qxd3 Nb4 19. Qe2 Rb6 20. Rd1 d5 21. f4 Qc7 22. e4 dxe4 23. Bxe4 Bd4 24. Bg2 e5 25.
Rf1 Rbf6 26. Bd2 Nc6 27. Qe4 exf4 28. Bxf4 Be5 29. Bxe5 Nxe5 30. Rxf6 Rxf6 31. Re1 Nf7 32. Qe3 1-0

[Event "Early-Titled-Tuesday-Blitz-July-09-2024"]
[Site "Chess.com"]
[Date "2024.07.09"]
[Round "1"]
[White "EpicWarrior2015"]
[Black "Ranindu2003"]
[Result "1-0"]
[WhiteElo "2477"]
[BlackElo "2669"]
[TimeControl "180+1"]
[EndTime "8:07:21 PDT"]
[Termination "EpicWarrior2015 won by resignation"]

1. e4 e5 2. Nf3 Nc6 3. Bc4 Nf6 4. d4 exd4 5. e5 d5 6. Bb5 Ne4 7. Nxd4 Bd7 8. Bxc6 bxc6 9. O-O Be7 10. f3 Nc5 11. f4 O-O 12. Be3 Ne4 13. Nc3 Nxc3 14. bxc3 c5 15. Nb3 c4 16. Nc5 Bf5 17. a4 Re8 18. a5 c6 19. Qd2 Qc8 20. Rfb1 h6 21. a6 Bd8 22. Nb7 Bc7 23. Bc5 Be4 24. Bd6 Bb6+ 25. Bc5 Bc7 26. Bd6 Re6 27. Bxc7 Qxc7 28. Nc5 Rg6 29. Nxe4 dxe4 30. Rb7 Qc8 31. Qe2 Qf5 32.
Qe3 Rg4 33. Rxa7 Rxa7 34. Qxa7 Qxf4 35. Qf2 Qxe5 36. a7 e3 37. a8=Q+ Kh7 38. Qf3 Rf4 39. Qaxc6 Rxf3 40. Qxf3 Qxc3 41. Qf5+ 1-0

[Event "Early-Titled-Tuesday-Blitz-July-09-2024"]
[Site "Chess.com"]
[Date "2024.07.09"]
[Round "1"]
[White "JoJoZP"]
[Black "Zhigalko_Sergei"]
[Result "0-1"]
[WhiteElo "2500"]
[BlackElo "2925"]
[TimeControl "180+1"]
[EndTime "8:07:22 PDT"]
[Termination "Zhigalko_Sergei won on time"]

1. Nf3 d5 2. e3 Nf6 3. c4 e6 4. Nc3 Bd6 5. b3 O-O 6. Bb2 b6 7. cxd5 exd5 8. Rc1 a6 9. g3 Nbd7 10. d4 Re8 11. Bg2 Bb7 12. O-O Qe7 13. Ne2 Ne4 14.
Nf4 Rad8 15. Qc2 c5 16. Rfd1 Ndf6 17. Nd3 Ng4 18. dxc5 bxc5 19. h3 Nexf2 20. Nxf2 Nxe3 21. Re1 d4 22. Rxe3 dxe3 23. Ng4 Bxg3 24. Qc3 f6 25. Qc4+ Bd5 26. Qe2 h5 27. Ngh2 Bf7 28. Nf1 Bf2+ 29. Kh1 Qd7 30. Bc3 Qd3 31. Rc2 Bg6 32. Qxd3 Bxd3 33.
Rc1 e2 34. N1h2 Be4 35. Be1 Rd1 0-1

[Event "Early-Titled-Tuesday-Blitz-July-09-2024"]
[Site "Chess.com"]
[Date "2024.07.09"]
[Round "1"]
[White "Emp3rador"]
[Black "glucolisis04"]
[Result "1-0"]
[WhiteElo "2616"]
[BlackElo "2300"]
[TimeControl "180+1"]
[EndTime "8:07:22 PDT"]
[Termination "Emp3rador won on time"]

1. e4 c5 2. Nf3 Nc6 3. d4 cxd4 4. Nxd4 Nf6 5. Nc3 e5 6. Ndb5 d6 7. Bg5 a6 8. Na3 b5 9. Nd5 Be7 10. Bxf6 Bxf6 11. c3 Rb8 12. Nc2 Bg5 13. Be2 a5 14. O-O O-O 15. Bg4 Be6 16. b4 Qd7 17. Bf3 a4 18. Qd3 Ne7 19. Nxe7+ Qxe7 20. Na3 Rfc8 21. Rfd1 Rb6 22. Nxb5 Bc4 23. Nxd6 Bxd3 24. Nxc8 Qc7 25. Nxb6 Qxb6 26. Rxd3 g6 27. a3 Qc7 28. Be2 f5 29. exf5 e4 30. Rdd1 gxf5 31. c4 Bf6 32. Rab1 Be5 33. h3 f4 34. b5 e3 35. f3 Qg7 36. b6 Qg3 37. Rf1 Qg7 38. b7 Bb8 39. Rfd1 Qc7 40. c5 Kf8 41. c6 Ke8 42. Rd7 Qa5 43. Rxh7 1-0

[Event "Early-Titled-Tuesday-Blitz-July-09-2024"]
[Site "Chess.com"]
[Date "2024.07.09"]
[Round "1"]
[White "whitemirrorninja"]
[Black "aquarium76"]
[Result "0-1"]
[WhiteElo "2529"]
[BlackElo "3018"]
[TimeControl "180+1"]
[EndTime "8:07:25 PDT"]
[Termination "aquarium76 won by resignation"]

1. e4 c6 2. Nc3 d5 3. Nf3 e6 4. d4 Bb4 5. e5 Ne7 6. Bd2 b6 7. Ne2 Bxd2+ 8. Qxd2 Ba6 9. Ng3 Bxf1 10. Kxf1 c5 11. c3 Nd7 12. Nh5 g6 13. Ng7+ Kf8 14.
Qh6 Kg8 15. h4 Qf8 16. Qg5 Kxg7 17. h5 h6 18. Qf4 g5 19. Qg4 Qg8 20. Re1 Qh7 21.
Rh3 Qf5 22. Qg3 Qf4 23. Qxf4 gxf4 24. Rh4 cxd4 25. cxd4 Rac8 26. Rg4+ Kf8 27. Rxf4 Rc2 28. Nh4 Ke8 29. Re3 Rxb2 30. Rg3 Rxa2 31. Rg7 Rf8 32.
g4 Ra4 33. Nf3 a5 34. g5 hxg5 35. Nxg5 Nf5 36. Rxf5 exf5 37. h6 Rxd4 38. h7 Nxe5 39. Rg8 Rh4 40. h8=Q Rxh8 41. Rg7 Rfg8 0-1

[Event "Early-Titled-Tuesday-Blitz-July-09-2024"]
[Site "Chess.com"]
[Date "2024.07.09"]
[Round "1"]
[White "CristianS27"]
[Black "snowlord"]
[Result "1-0"]
[WhiteElo "2520"]
[BlackElo "2911"]
[TimeControl "180+1"]
[EndTime "8:07:25 PDT"]
[Termination "CristianS27 won on time"]

1. e4 Nf6 2. e5 Nd5 3. d4 d6 4. Nf3 dxe5 5. Nxe5 c6 6. Be2 Bf5 7. O-O Nd7 8. Nxd7 Qxd7 9. c3 e6 10. Nd2 Nf4 11. Bc4 Bd6 12. Nf3 O-O-O 13. Re1 g5 14. a4 f6 15. a5 a6 16. Bxf4 Bxf4 17. Qe2 Rde8 18. Bd3 Bg6 19. b4 Bd6 20. Rab1 e5 21.
Bxg6 hxg6 22. dxe5 Bxe5 23. Nxe5 Rxe5 24. Qc4 Rd5 25. Qe4 Qh7 26. h3 f5 27. Qe6+ Kb8 28. c4 Rd2 29. b5 cxb5 30. cxb5 Qh4 31. Qe3 Rd6 32. bxa6 Rxa6 33. Qe5+ Ka8 34. Qd5 Rb8 35. Re7 Ra7 36. a6 1-0

[Event "Early-Titled-Tuesday-Blitz-July-09-2024"]
[Site "Chess.com"]
[Date "2024.07.09"]
[Round "1"]
[White "BaylavChess"]
[Black "JaloliddinIlkhomi"]
[Result "1-0"]
[WhiteElo "2425"]
[BlackElo "2721"]
[TimeControl "180+1"]
[EndTime "8:07:25 PDT"]
[Termination "BaylavChess won by checkmate"]

1. e4 e6 2. d4 d5 3. exd5 exd5 4. c4 c6 5. Nc3 Bb4 6. Bd3 Ne7 7. Ne2 O-O 8. O-O Nd7 9. Bg5 f6 10. Bf4 dxc4 11.
Bxc4+ Kh8 12. Bd3 Nb6 13. a3 Bd6 14. Bxd6 Qxd6 15. Ne4 Qd8 16. Bc2 Bf5 17. N2g3 Bg6 18. h4 Nf5 19. h5 Nxg3 20. hxg6 Nxf1 21. gxh7 Qd5 22. Kxf1 Rae8 23. Ng3 Qg5 24. Ne4 Qh4 25. Ng3 Nd5 26. Kg1 Nf4 27. Qf3 Ne6 28. Nf5 Qf4 29. Qh3 Ng5 30. Qh5 g6 31. Qxg6 Ne6 32.
Nh6 Qg5 33. Nf7+ Rxf7 34. Qxf7 Ng7 35. Rf1 Qd2 36. Bg6 Qxd4 37. Bc2 Qe5 38. Bb3 Qe7 39. Qg8+ Rxg8 40. hxg8=Q# 1-0

[Event "Early-Titled-Tuesday-Blitz-July-09-2024"]
[Site "Chess.com"]
[Date "2024.07.09"]
[Round "1"]
[White "Senn71"]
[Black "Mikasinski"]
[Result "0-1"]
[WhiteElo "2397"]
[BlackElo "2708"]
[TimeControl "180+1"]
[EndTime "8:07:25 PDT"]
[Termination "Mikasinski won by resignation"]

1. e4 c5 2. Nf3 d6 3. d4 cxd4 4. Nxd4 Nf6 5. Nc3 g6 6. Be3 Bg7 7. f3 O-O 8. Qd2 Nc6 9. O-O-O Bd7 10. h4 Rc8 11. h5 Nxh5 12. g4 Ng3 13. Rh3 Nxf1 14.
Rxf1 Ne5 15. Bh6 Nc4 16. Qd3 Nxb2 17. Kxb2 Qb6+ 18. Kc1 Bxd4 19. Nd5 Qb2+ 20. Kd1 Bb5 21. Nxe7+ Kh8 22. Bxf8 Rxf8 23. Qb3 Qxb3 24. axb3 Bxf1 25. Rh1 Bg2 26. Rh2 Bxf3+ 27. Kd2 Bxg4 28. Nd5 Be5 29. Rg2 Be6 30. c4 h5 31. Ne3 Kg7 32. Kd3 h4 33.
Rg1 h3 34. Rh1 h2 35. Nf1 Rh8 36. b4 Rh3+ 37. Kd2 Bxc4 0-1

[Event "Early-Titled-Tuesday-Blitz-July-09-2024"]
[Site "Chess.com"]
[Date "2024.07.09"]
[Round "1"]
[White "FARIZA2018"]
[Black "le-castor-faineant"]
[Result "1-0"]
[WhiteElo "2614"]
[BlackElo "2291"]
[TimeControl "180+1"]
[EndTime "8:07:25 PDT"]
[Termination "FARIZA2018 won on time"]

1. e4 e5 2. Nf3 Nf6 3. Nxe5 d6 4. Nf3 Nxe4 5. c4 c6 6. d4 d5 7. Bd3 Bb4+ 8. Nbd2 O-O 9. O-O Nxd2 10. Bxd2 Bxd2 11. Qxd2 dxc4 12. Bxc4 Bg4 13. Ne5 Bh5 14. Qb4 Qc7 15. Rfe1 b6 16. Rac1 c5 17. dxc5 bxc5 18. Qb5 a6 19. Qa4 Ra7 20. Rc3 Nd7 21. Nxd7 Qxd7 22. Qxd7 Rxd7 23. Bxa6 Rc7 24. Bc4 Rb8 25. b3 Kf8 26. Rce3 f6 27. Rh3 Bg6 28. Rc1 h6 29. Rhc3 Ra8 30. a4 Rb8 31. Bb5 Bf7 32. h4 Rd8 33.
R1c2 Rd1+ 34. Kh2 Rb1 35. Rxc5 Rxc5 36. Rxc5 Bxb3 37. a5 Ra1 38. a6 Ba4 39. Bc4 Bd7 40. Rc7 Ke8 41. a7 Kd8 42. Rb7 Kc8 43. Rb8+ Kc7 44.
a8=Q Rxa8 45. Rxa8 1-0

[Event "Early-Titled-Tuesday-Blitz-July-09-2024"]
[Site "Chess.com"]
[Date "2024.07.09"]
[Round "1"]
[White "MikeWizard"]
[Black "SVijayalakshmi"]
[Result "0-1"]
[WhiteElo "2076"]
[BlackElo "2555"]
[TimeControl "180+1"]
[EndTime "8:07:27 PDT"]
[Termination "SVijayalakshmi won by resignation"]

1. d4 e6 2. c4 Nf6 3. Nf3 b6 4.
g3 Bb7 5. Bg2 Be7 6. O-O O-O 7.
Re1 c5 8. d5 exd5 9. Nh4 d6 10.
Nf5 Na6 11. cxd5 Re8 12. Nxe7+ Qxe7 13. Nc3 Nc7 14. e4 b5 15. a4 b4 16. Nb5 Nxb5 17. axb5 Bc8 18. b6 a5 19. b3 Nd7 20. f4 Nxb6 21. Bb2 a4 22. bxa4 Bd7 23. a5 Nc4 24. Qc2 Nxa5 25. f5 f6 26. g4 c4 27. Bd4 Bb5 28. Bb6 Nb3 29. Rab1 Qb7 30. Bf2 Ra3 31. h4 Ba6 32. g5 Na5 33. gxf6 gxf6 34. Re3 Rxe3 35.
Bxe3 c3 36. Qf2 Nc4 37. Bd4 Rf8 38. Qg3+ Kh8 39. Qf4 c2 40. Rc1 b3 41. Qh6 Qg7 42.
Qh5 Rg8 43. Qe2 Ne5 44. Qf2 Nd3 0-1

[Event "Early-Titled-Tuesday-Blitz-July-09-2024"]
[Site "Chess.com"]
[Date "2024.07.09"]
[Round "1"]
[White "vlad10898"]
[Black "kuzol"]
[Result "1-0"]
[WhiteElo "2865"]
[BlackElo "2473"]
[TimeControl "180+1"]
[EndTime "8:07:29 PDT"]
[Termination "vlad10898 won by resignation"]

1. d4 Nf6 2. Nf3 e6 3. Bf4 d5 4. e3 Bd6 5. Ne5 Nbd7 6. Nd2 O-O 7. Bd3 Qe7 8. Qf3 c5 9. c3 cxd4 10. exd4 Rd8 11. Qh3 Nf8 12. Ndf3 Ne4 13. Bg3 f6 14. Ng4 e5 15. dxe5 fxe5 16. Bh4 Nf6 17. Bxf6 gxf6 18. Bf5 Kh8 19. Nh6 Ng6 20. g3 Qg7 21. Bxc8 Raxc8 22. Nf5 Qd7 23. Qh5 d4 24. O-O dxc3 25. bxc3 Rxc3 26. Rad1 Qc7 27. N3h4 Nxh4 28. Qxh4 Be7 29. Rxd8+ Qxd8 30. Qg4 Bf8 31. Rd1 Rd3 32. Rc1 a6 33. Nh6 Bxh6 34.
Rc8 Bf8 35. Rxd8 Rxd8 36. Qf3 Kg7 37. Qxb7+ Kg6 38. Qxa6 Rd4 39. Qc6 Bb4 40. Kg2 Bd2 41.
a4 h5 42. h4 Bb4 43. Qb5 Bd6 44. a5 Rd2 45. a6 Ra2 46. Qe8+ Kg7 47. Qd7+ 1-0

[Event "Early-Titled-Tuesday-Blitz-July-09-2024"]
[Site "Chess.com"]
[Date "2024.07.09"]
[Round "1"]
[White "MKlose11"]
[Black "JunjiCol"]
[Result "1-0"]
[WhiteElo "2654"]
[BlackElo "2334"]
[TimeControl "180+1"]
[EndTime "8:07:29 PDT"]
[Termination "MKlose11 won by resignation"]

1. e4 e5 2. Nf3 d5 3. d4 dxe4 4. Nxe5 Bd6 5. Nc4 Nf6 6. Nc3 O-O 7. Bg5 Nc6 8. Be2 Bb4 9. Be3 Nd5 10. Qd2 b5 11. Ne5 Nxe5 12. dxe5 Nxc3 13. bxc3 Qxd2+ 14. Bxd2 Bc5 15. Bxb5 Rb8 16. Bc6 Bf5 17. O-O Rb2 18. Rfc1 Rd8 19. Bg5 f6 20. exf6 gxf6 21. Bf4 Bd6 22.
Be3 Ba3 23. Ba4 Be6 24. h3 Rxa2 25. Rxa2 Bxc1 26. Bb3 Bxb3 27. cxb3 Bxe3 28. fxe3 Rd3 29. Rxa7 Rxc3 30. Kf2 Kf7 31. b4 Ke6 32. g4 Rc4 33.
Rb7 Kd6 34. Kg3 Kc6 35. Rb8 Rc2 36. Rh8 Kb5 37. Rxh7 Kxb4 38. h4 c5 39. h5 c4 40. h6 Rc1 41. Rb7+ Kc3 42. Rb5 Rh1 43. Rh5 Rg1+ 44. Kf4 Kd3 45. h7 Rf1+ 46. Kg3 c3 47. h8=Q c2 48. Rc5 c1=Q 49. Rxc1 Rxc1 50. Qxf6 Re1 51.
Qd4+ Ke2 52. Qxe4 Rg1+ 53. Qg2+ Rxg2+ 54. Kxg2 Kxe3 55. g5 1-0

[Event "Early-Titled-Tuesday-Blitz-July-09-2024"]
[Site "Chess.com"]
[Date "2024.07.09"]
[Round "1"]
[White "imdarealist"]
[Black "Slovineanu"]
[Result "1-0"]
[WhiteElo "2248"]
[BlackElo "2575"]
[TimeControl "180+1"]
[EndTime "8:07:29 PDT"]
[Termination "imdarealist won by resignation"]

1. d4 Nf6 2. Bf4 d5 3. e3 e6 4. Nf3 c5 5. c3 Bd6 6. Bg3 Qc7 7. Ne5 Nbd7 8. f4 O-O 9. Nd2 Rb8 10. Bd3 b5 11.
Bh4 b4 12. Rc1 bxc3 13. bxc3 Bb7 14. g4 Ne4 15. g5 Rfd8 16. Qh5 Nf8 17. Qf3 Nxd2 18.
Kxd2 Qa5 19. Qh5 Ng6 20. Nxf7 Kxf7 21. Qxh7 Nf8 22. g6+ Ke8 23. Qxg7 Qc7 24. Qh8 cxd4 25. cxd4 Bb4+ 26. Ke2 Qa5 27. g7 Qxa2+ 28. Rc2 Qxc2+ 29. Bxc2 Ba6+ 30. Kf3 Kd7 31. Bxd8 Rxd8 32. g8=Q Be7 33.
Ba4+ Kd6 34. Rc1 Bd3 35. Rc6+ Kd7 36. Rc3+ 1-0